 Dungeon Crawl Stone Soup version 0.26-a0-818-g75db068ed4 (console) character file.

Game seed: 2835127252759612499

76084 jejorda2 the Severer (level 15, -8/134 HPs)
             Began as a Palentonga Berserker on Nov 14, 2020.
             Was a High Priest of Trog.
             Mangled by Sonja
             ... wielding a +1 short sword of distortion
              (18 damage)
             ... on level 13 of the Dungeon.
             The game lasted 01:09:35 (18905 turns).

jejorda2 the Severer (Palentonga Berserker)        Turns: 18905, Time: 01:09:36

Health: -8/134     AC: 36    Str: 26    XL:     15   Next: 11%
Magic:  15/15      EV:  6    Int:  8    God:    Trog [*****.]
Gold:   1216       SH:  0    Dex: 12    Spells: 14/14 levels left

rFire    . . .     SeeInvis +   a - +9 executioner's axe (vorpal)
rCold    + + .     Faith    .   (shield currently unavailable)
rNeg     + . .     Spirit   .   t - +2 plate armour {rC+}
rPois    .         Reflect  .   A - +2 helmet
rElec    +         Harm     .   H - +1 cloak
rCorr    .         Rampage  .   w - +0 pair of gloves of the Stars {rC+ rN+ Str-2}
MR       ++++.                  G - +4 barding {Fly}
Stlth    ..........             R - amulet of regeneration
HPRegen  1.72/turn              O - ring "Wofiolob" {Wiz rElec Str+4}
MPRegen  0.14/turn              h - ring of protection from magic

@: lethally poisoned (-8 -> -24), berserk cooldown, flying, regenerating,
slowed, curled up, very slow
A: large, rugged brown scales 3, see invisible, deformed body, roll 1, armoured
tail, reflexive curl
a: Rolling Charge, Berserk, Trog's Hand, Brothers in Arms, Renounce Religion,
Stop Flying


You were on level 13 of the Dungeon.
You worshipped Trog.
Trog was extremely pleased with you.
You visited 2 branches of the dungeon, and saw 19 of its levels.
You visited the Abyss 1 time.

You collected 2626 gold pieces.
You spent 1410 gold pieces at shops.

Inventory:

Hand Weapons
 a - a +9 vorpal executioner's axe (weapon)
 b - a +0 battleaxe of flaming
Missiles
 z - 40 poisoned darts (quivered)
 C - 5 throwing nets
 J - 2 silver javelins
 K - 8 curare-tipped darts
Armour
 t - a +2 plate armour of cold resistance (worn)
 w - the +0 pair of gloves of the Stars (worn) {rC+ rN+ Str-2}
   (You acquired it on level 6 of the Lair of Beasts)

   It affects your strength (-2).
   It protects you from cold.
   It protects you from negative energy.
 A - a +2 helmet (worn)
 G - a +4 barding of flying (worn)
 H - a +1 cloak (worn)
Jewellery
 e - an uncursed ring of protection from cold
 h - a ring of protection from magic (right hand)
 l - an uncursed ring of poison resistance
 o - an uncursed ring of protection from magic
 y - an uncursed ring of resist corrosion
 M - an uncursed ring of fire
 O - the ring "Wofiolob" (left hand) {Wiz rElec Str+4}
   (You found it on level 12 of the Dungeon)

   [ring of wizardry]

   It improves your spell success rate.
   It affects your strength (+4).
   It insulates you from electricity.
 R - an amulet of regeneration (around neck)
 T - an uncursed ring of positive energy
 V - an uncursed ring of protection from fire
 X - an uncursed ring of protection from magic
Wands
 m - a wand of iceblast (13)
 n - a wand of flame (27)
 x - a wand of random effects (34)
 B - a wand of polymorph (23)
 E - a wand of digging (10)
 I - a wand of paralysis (18)
 L - a wand of acid (26)
 N - a wand of disintegration (12)
 Q - a wand of enslavement (24)
Scrolls
 d - 7 scrolls of identify
 g - a scroll of magic mapping
 i - 5 scrolls of immolation
 k - 2 scrolls of enchant weapon
 D - 3 scrolls of blinking
 F - 4 scrolls of fear
 S - 5 scrolls of remove curse
 U - 13 scrolls of teleportation
Potions
 c - 7 potions of heal wounds
 f - a potion of invisibility
 j - 3 potions of lignification
 p - 2 potions of attraction
 q - 3 potions of ambrosia
 r - a potion of magic
 s - 4 potions of haste
 u - 13 potions of curing
 v - a potion of cancellation
 P - 2 potions of might


   Skills:
 - Level 10.0 Fighting
 * Level 20.6 Axes
 + Level 7.7 Armour
 - Level 6.0 Dodging
 - Level 5.0 Evocations


You had 14 spell levels left.
You didn't know any spells.
Your spell library was empty.

Dungeon Overview and Level Annotations

Branches:
Dungeon (13/15)            Temple (0/1) D:6            Lair (6/6) D:9
 Shoals (0/4) Lair:2       Spider (0/4) Lair:3        Slime (0/5) Lair:6
    Orc (0/2) D:12
 Vaults: D:13-14

Altars:
Cheibriados
Dithmenos
Elyvilon
Kikubaaqudgha
Makhleb
Okawaru
Trog
Vehumet
Yredelemnul

Shops:
D:6 :?([*   D:10 ?

Annotations:
D:13 Sonja
Lair:6 exclusion: 2 oklob plants


Innate Abilities, Weirdness & Mutations

You are completely covered in rugged brown scales. (AC +3, +7% HP)
You have supernaturally acute eyesight. (SInv)
Armour fits poorly on your strangely shaped body.
You can roll at nearby foes to attack.
You have a long armoured tail.
You curl defensively after being hit.


Message History

The kobold barely misses you.
Items here: (( )) [ ÷.
You feel very sick.
The kobold throws a poisoned dart.
The poisoned dart hits you!
You are more poisoned.
Items here: ( ††.
Unknown command.
You are too berserk!
You feel your anger nearly subside.
You are no longer berserk.
You are exhausted.
You feel as though you will be slow longer.
* * * LOW HITPOINT WARNING * * *
You feel very sick.
The kobold throws a poisoned dart.
The poisoned dart barely misses you.
You miss Sonja.
Sonja is lightly wounded.
* * * LOW HITPOINT WARNING * * *
You feel very sick. Sonja hits you but does no damage.
Space warps horribly around you!!
You die...

#.$.. ... ## #....##.. ..
#....#..## # #........ ###
#....#.. ... #..$.#.# ##
#.K.[(.# #.#
##########K######. #.#
........(@K....... #.#
######.########### #.#
###.# #.......# #.# ###...#
#.......# #.# #....##
#.......## #.#
#....####........###<#
#.##........###.###...#†###
#.......###(....[####....).
###.....# #####...#####.##.


You could see Sonja and a kobold.

Vanquished Creatures
  Frances (D:12)
  A tentacled starspawn (Abyss:1)
  2 dire elephants (Lair:5)
  Josephine (D:13)
  7 hydras
  Erolcha (D:8)
  Harold (Lair:2)
  A naga warrior (Abyss:1)
  3 catoblepae
  A boulder beetle (Lair:5)
  Erica (D:9)
  3 two-headed ogres
  4 death yaks (Lair:6)
  A deep troll shaman (Lair:6)
  A thrashing horror (Abyss:1)
  An unseen horror (D:13)
  A spatial maelstrom (Abyss:1)
  An anaconda zombie (Abyss:1)
  4 lindwurms (Lair:3)
  4 large abominations (Abyss:1)
  A deep elf mage (D:12)
  2 ugly things
  A wolf spider (D:13)
  A salamander (Abyss:1)
  A guardian serpent (Abyss:1)
  42 elephants
  7 black mambas
  Maurice (D:9)
  An apocalypse crab (Abyss:1)
  8 cane toads
  A smoke demon (Abyss:1)
  3 kobold demonologists (D:13)
  A centaur skeleton (D:12)
  A tormentor (Abyss:1)
  An ice devil (D:9)
  An efreet (D:13)
  2 rime drakes
  3 komodo dragons
  2 trolls
  2 polar bears
  Prince Ribbit (D:8)
  12 blink frogs
  A raiju (Abyss:1)
  20 yaks
  A spriggan (Lair:3)
  2 shadows
  5 wraiths
  A ynoxinul (Abyss:1)
  2 wyverns
  3 basilisks
  A neqoxec (Abyss:1)
  2 steam dragons
  Edmund (D:5)
  2 wargs (D:9)
  Menkaure (D:7)
  2 spatial vortices (Abyss:1)
  An acid dragon (D:13)
  11 water moccasins
  6 orc warriors
  2 phantoms
  6 black bears
  5 ice beasts
  4 sky beasts
  6 small abominations (Abyss:1)
  2 necrophages
  3 eyes of draining
  5 ogres
  22 wolves
  6 centaurs
  7 big kobolds
  17 bullfrogs
  A wyvern zombie (D:6)
  3 gnoll sergeants (D:12)
  A water moccasin zombie (D:12)
  2 scorpions
  7 wights (D:9)
  5 howler monkeys
  3 centaur zombies
  A crimson imp (D:3)
  2 bullfrog zombies
  8 orc priests
  5 hounds
  6 jellies
  Ijyb (D:5)
  Natasha (thrice) (D:4)
  4 iguanas
  14 orc wizards
  8 worker ants
  2 hound skeletons
  9 gnolls
  15 adders
  4 white imps
  A worker ant simulacrum (D:9)
  2 ufetubi
  6 oozes
  3 adder skeletons
  6 worms
  A dart slug (D:4)
  2 leopard geckos
  51 orcs
  7 giant cockroaches
  6 goblins
  5 hobgoblins
  15 jackals
  8 quokkas
  5 bats
  3 frilled lizards
  A jackal skeleton (D:8)
  8 kobolds
  A quokka simulacrum (D:9)
  7 rats
  A starspawn tentacle (Abyss:1)
525 creatures vanquished.

Vanquished Creatures (collateral kills)
  Gastronok (Lair:1)
  A dire elephant (Lair:2)
  A boulder beetle (Lair:6)
  3 skeletal warriors (D:13)
  The ghost of tzalcoatl the Conjurer, a novice DrAE of Vehumet (D:9)
  5 yaks
  A wraith (D:13)
  An ice beast (D:9)
  A bullfrog skeleton (D:13)
15 creatures vanquished.

Vanquished Creatures (others)
  A naga (Abyss:1)
  An orc wizard (D:10)
  94 fungi
  92 plants
  2 starspawn tentacles (Abyss:1)
190 creatures vanquished.

Grand Total: 730 creatures vanquished

Notes
Turn   | Place    | Note
-------+----------+-------------------------------------------
     0 | D:1      | jejorda2 the Palentonga Berserker began the quest for the
                  | Orb.
     0 | D:1      | Reached XP level 1. HP: 20/20 MP: 1/1
   375 | D:1      | Reached XP level 2. HP: 26/27 MP: 2/2
  1001 | D:2      | Reached XP level 3. HP: 33/33 MP: 3/3
  1002 | D:2      | Reached skill level 4 in Axes
  1092 | D:2      | Reached ** piety under Trog
  1093 | D:2      | Reached XP level 4. HP: 42/42 MP: 4/4
  2026 | D:3      | Reached skill level 5 in Axes
  2189 | D:3      | Reached XP level 5. HP: 49/49 MP: 5/5
  2269 | D:3      | Found a shadowy altar of Dithmenos.
  2305 | D:3      | Found a radiant altar of Vehumet.
  2306 | D:3      | Found a burning altar of Makhleb.
  2773 | D:4      | Reached *** piety under Trog
  2785 | D:4      | Noticed Natasha
  2788 | D:4      | Killed Natasha
  2789 | D:4      | Reached skill level 6 in Axes
  2834 | D:4      | Reached XP level 6. HP: 52/55 MP: 6/6
  2859 | D:4      | Noticed Natasha
  2870 | D:4      | Killed Natasha
  2989 | D:4      | Noticed Natasha
  2994 | D:4      | Killed Natasha
  3004 | D:4      | Reached skill level 7 in Axes
  3053 | D:4      | Gained mutation: You curl defensively after being hit.
                  | [Palentonga growth]
  3053 | D:4      | Reached XP level 7. HP: 64/64 MP: 7/7
  3439 | D:4      | Reached **** piety under Trog
  3638 | D:4      | Found a white marble altar of Elyvilon.
  3676 | D:4      | Reached skill level 5 in Fighting
  3892 | D:5      | Entered Level 5 of the Dungeon
  3900 | D:5      | Noticed Ijyb
  3909 | D:5      | Killed Ijyb
  3910 | D:5      | Reached skill level 8 in Axes
  4106 | D:5      | Got a twisted ring mail
  4116 | D:5      | Identified the cursed +1 ring mail of Veisk {Int+10 Dex+5
                  | Stlth-} (You found it on level 5 of the Dungeon)
  4419 | D:5      | Noticed Edmund
  4438 | D:5      | Killed Edmund
  4662 | D:5      | Reached XP level 8. HP: 52/73 MP: 8/8
  5118 | D:5      | Found a snail-covered altar of Cheibriados.
  5206 | D:6      | Reached skill level 9 in Axes
  5237 | D:6      | Found Tazuroj's Magic Scroll Emporium.
  5248 | D:6      | Bought a scroll of blinking for 82 gold pieces
  5479 | D:6      | Found a staircase to the Ecumenical Temple.
  5513 | D:6      | Found Aclatume's Weapon Emporium.
  5756 | D:6      | Found an ancient bone altar of Kikubaaqudgha.
  5783 | D:6      | Found Myhyukhinikh's Antique Armour Shop.
  5786 | D:6      | Bought a polished scale mail for 243 gold pieces
  5796 | D:6      | Identified the cursed +0 scale mail of the Storm King
                  | {Rampage Int+2} (You bought it in a shop on level 6 of the
                  | Dungeon)
  5816 | D:6      | Found Paminuf's General Store.
  5819 | D:6      | Bought a +0 battleaxe for 71 gold pieces
  6026 | D:6      | Found Unwiuli's Book Shop.
  6079 | D:7      | Reached skill level 10 in Axes
  6317 | D:7      | Identified a scroll of acquirement
  6317 | D:7      | Acquired a +0 barding of flying
  6369 | D:7      | Reached XP level 9. HP: 82/83 MP: 9/9
  6392 | D:7      | Noticed Menkaure
  6396 | D:7      | Killed Menkaure
  6979 | D:8      | Reached skill level 11 in Axes
  7010 | D:8      | Found a bloodstained altar of Trog.
  7042 | D:8      | Noticed Prince Ribbit
  7046 | D:8      | Killed Prince Ribbit
  7047 | D:8      | Reached skill level 1 in Evocations
  7136 | D:8      | Found an iron altar of Okawaru.
  7399 | D:9      | Noticed Erolcha
  7411 | D:8      | Killed Erolcha
  7685 | D:9      | Noticed Erica
  7692 | D:9      | Reached skill level 12 in Axes
  7699 | D:9      | Killed Erica
  7700 | D:9      | Reached XP level 10. HP: 92/92 MP: 10/10
  7707 | D:9      | Reached ***** piety under Trog
  7742 | D:9      | Noticed Maurice
  7769 | D:9      | Killed Maurice
  7774 | D:9      | Reached skill level 13 in Axes
  7910 | D:9      | Found a runed translucent gate.
  7910 | D:9      | Found a runed translucent gate.
  7910 | D:9      | Found a runed translucent gate.
  7987 | D:9      | Noticed tzalcoatl's ghost (novice DrAE)
  8000 | D:9      | Found a staircase to the Lair.
  8150 | D:9      | Noticed a two-headed ogre
  8158 | D:9      | Killed a two-headed ogre
  8170 | D:9      | Reached skill level 5 in Armour
  8431 | D:9      | Killed tzalcoatl's ghost
  8522 | D:10     | Entered Level 10 of the Dungeon
  8610 | D:10     | Reached XP level 11. HP: 98/98 MP: 11/11
  8766 | D:10     | Reached skill level 14 in Axes
  9251 | D:10     | Found Nofrugox's Magic Scroll Boutique.
  9564 | D:11     | Received a gift from Trog
  9876 | D:11     | Noticed a red ugly thing
  9882 | D:11     | Killed a red ugly thing
 10285 | Lair:1   | Entered Level 1 of the Lair of Beasts
 10639 | Lair:1   | Reached skill level 15 in Axes
 10769 | Lair:1   | Noticed Gastronok
 10775 | Lair:1   | Killed Gastronok
 10939 | Lair:1   | Noticed a six-headed hydra
 10951 | Lair:1   | Killed a six-headed hydra
 10952 | Lair:1   | Reached XP level 12. HP: 62/107 MP: 12/12
 11334 | Lair:2   | Noticed Harold
 11344 | Lair:2   | Killed Harold
 11345 | Lair:2   | Reached skill level 5 in Dodging
 11561 | Lair:2   | Reached skill level 16 in Axes
 11722 | Lair:2   | Found a staircase to the Shoals.
 11943 | Lair:3   | Noticed a dire elephant
 11962 | Lair:2   | Killed a dire elephant
 12361 | Lair:3   | Reached skill level 17 in Axes
 12477 | Lair:3   | Found a basalt altar of Yredelemnul.
 12590 | D:10     | Bought a scroll of remove curse for 42 gold pieces
 12689 | Lair:3   | Found a hole to the Spider Nest.
 12843 | Lair:3   | Reached XP level 13. HP: 48/114 MP: 13/13
 12854 | Lair:3   | Got a bloodstained whip
 12854 | Lair:3   | Identified the cursed +1 whip of Experimentation {vorpal,
                  | Int+3 SInv} (You found it on level 3 of the Lair of Beasts)
 12961 | D:10     | Bought a scroll of remove curse for 42 gold pieces
 14683 | Lair:4   | Reached skill level 18 in Axes
 14958 | Lair:5   | Noticed a dire elephant
 14966 | Lair:5   | Killed a dire elephant
 15007 | Lair:5   | Noticed a dire elephant
 15014 | Lair:5   | Killed a dire elephant
 15487 | Lair:6   | Entered Level 6 of the Lair of Beasts
 15579 | Lair:6   | Reached skill level 10 in Fighting
 15696 | Lair:6   | Reached XP level 14. HP: 68/129 MP: 14/14
 15828 | Lair:6   | Reached skill level 19 in Axes
 15836 | Lair:6   | Found a staircase to the Slime Pits.
 16315 | Lair:6   | Reached skill level 5 in Evocations
 16608 | Lair:6   | Received a gift from Trog
 16668 | Lair:6   | Acquired the +0 pair of gloves of the Stars {rC+ rN+ Str-2}
 16866 | Lair:6   | Got a shimmering chain mail
 16913 | Lair:6   | Identified the cursed +0 chain mail "Didgha" {Dex+3} (You
                  | found it on level 6 of the Lair of Beasts)
 17198 | D:6      | Bought a shiny helmet for 202 gold pieces
 17298 | D:10     | Bought a scroll of acquirement for 728 gold pieces
 17299 | D:10     | Acquired 941 gold pieces
 17394 | D:12     | Noticed Frances
 17406 | D:12     | Killed Frances
 17415 | D:12     | HP: 6/129 [eight-headed hydra (4)]
 17668 | D:12     | Got a vibrating bone ring
 17728 | D:12     | Identified the ring "Wofiolob" {Wiz rElec Str+4} (You found
                  | it on level 12 of the Dungeon)
 17939 | D:12     | Found a staircase to the Orcish Mines.
 17970 | D:12     | Reached skill level 20 in Axes
 18330 | D:13     | Noticed Josephine
 18355 | D:13     | Killed Josephine
 18604 | D:13     | Noticed Sonja
 18605 | D:13     | Received a gift from Trog
 18614 | D:13     | Cast into level 1 of the Abyss (Sonja)
 18789 | Abyss:1  | Noticed a tentacled starspawn
 18795 | Abyss:1  | Killed a tentacled starspawn
 18796 | Abyss:1  | Reached XP level 15. HP: 114/134 MP: 15/15
 18893 | D:13     | Escaped the Abyss
 18905 | D:13     | Mangled by Sonja

Illustrated notes

Levels and vault maps discovered:
D:1:      lemuel_arrival_behind_the_door_large, layout_basic, serial_forest,
          infiniplex_forest_clump_diagonal, infiniplex_forest_end_1,
          infiniplex_forest_lined_1, infiniplex_forest_lined_3,
          infiniplex_forest_straight_1, infiniplex_forest_clump_tiny,
          infiniplex_forest_clump_curved, chequers_serial_rivers_small_b
D:2:      layout_basic, st_stairs_3
D:3:      layout_rooms, grunt_temple_overflow_lords_of_destruction,
          grunt_dithmenos_smoke
D:4:      layout_rooms, elyvilon_altar_5, minmay_misc_feat_hallway, uniq_natasha
D:5:      layout_basic, kennysheep_mini_moat, uniq_ijyb, uniq_edmund
D:6:      layout_rooms, kennysheep_little_box, minmay_temple_entry_mini_moons,
          serial_shops, shop, nicolae_shop_behind_doors,
          nicolae_shop_behind_doors, nicolae_shop_behind_doors, shop,
          st_stairs_9, minmay_misc_feat_room
D:7:      layout_gridville, uniq_menkaure
D:8:      layout_cave_pools, marbit_many_paths, old_standard_altar,
          uniq_prince_ribbit1
D:9:      layout_cave_pools, erik_lair_orcish_takeover, gammafunk_ghost_icy,
          uniq_maurice, uniq_erica, uniq_erolcha
D:10:     layout_basic, serial_shops, shop, grunt_decor_mini_mirrors
D:11:     layout_loops_ring
D:12:     layout_cross, kennysheep_orc_monster_closet_entryway, uniq_frances
D:13:     layout_rooms, uniq_josephine, uniq_sonja
Lair:1:   layout_chaotic_city, uniq_gastronok
Lair:2:   layout_cave_shapes, minmay_shoals_entry_centaurs, grunt_megastairs_1,
          uniq_harold
Lair:3:   mu_elephants_graveyard, layout_cave_shapes,
          nicolae_spider_entry_non_spiders, basic_altar,
          small_statue_intersection, chequers_serial_rivers_room_a,
          minmay_lindwurm_lava
Lair:4:   layout_loops_ring
Lair:5:   beast_lair_carwin_large_1, layout_hall_layers, serial_bayou_shore_b
Lair:6:   grunt_lair_end_beastmaster, layout_loops_ring,
          nicolae_slime_entry_slimehenge, nicolae_lair_grove_arrangements,
          chequers_serial_rivers_micro_b, st_stairs_13, minivault_19,
          serial_bayou_shore_b, minmay_lair_oklob_chamber,
          infiniplex_staircase_pool_2

Skill      XL: |  1  2  3  4  5  6  7  8  9 10 11 12 13 14 |
---------------+-------------------------------------------+-----
Axes           | 4 5 6 7 8 10 12 13 15 17 18 20 | 20.6
Fighting       | 4 5 6 7 8 10 | 10.0
Evocations     | 3 5 |  5.0
Armour         | 3 5 6 7 |  7.7
Dodging        | 4 6 |  6.0

Action                   |  1- 3 |  4- 6 |  7- 9 | 10-12 | 13-15 || total
-------------------------+-------+-------+-------+-------+-------++-------
Melee: Hand axe          |    65 |   238 |   188 |       |       ||   491
       Tailslap          |     3 |    27 |    43 |    52 |    84 ||   209
       Battleaxe         |       |       |    91 |   175 |    17 ||   283
       Executioner's axe |       |       |       |   175 |   466 ||   641
       Dire flail        |       |       |       |    10 |    23 ||    33
Throw: Dart              |       |       |       |     4 |       ||     4
Invok: Berserk           |     2 |     4 |     3 |     7 |     5 ||    21
       Trog's Hand       |       |     1 |     1 |     3 |     9 ||    14
       Brothers in Arms  |       |       |       |     3 |     4 ||     7
 Abil: Rolling Charge    |    18 |    30 |    55 |    64 |    73 ||   240
Evoke: Wand              |       |       |       |       |     1 ||     1
  Use: Scroll            |       |     1 |    23 |    13 |    10 ||    47
       Potion            |       |       |       |       |     1 ||     1
 Stab: Sleeping          |     1 |       |       |     1 |       ||     2
       Petrifying        |       |       |       |       |     1 ||     1
Armor: Animal skin       |     3 |       |       |       |       ||     3
       Ring mail         |    16 |    33 |     5 |       |       ||    54
       Chain mail        |       |    66 |    44 |       |       ||   110
       Plate armour      |       |       |   140 |   368 |   650 ||  1158
Dodge: Dodged            |    24 |    96 |    59 |    61 |   163 ||   403

Table legend: (Time is in decaauts)
 A = Elapsed time spent in this place.
 B = Non-inter-level travel time spent in this place.
 C = Inter-level travel time spent in this place.
 D = Time resting spent in this place.
 E = Time spent auto-exploring this place.
 F = Levels seen in this place.
 G = Mean time per level.
                   A        B        C        D        E       F      G
               +--------+--------+--------+--------+--------+-----+--------+
         Total |  19123 |  17581 |   1542 |   1448 |  12626 |  20 |  956.2 |
       Dungeon |  12097 |  11208 |    889 |    762 |   8368 |  13 |  930.5 |
          Lair |   6741 |   6089 |    652 |    664 |   4258 |   6 | 1123.5 |
         Abyss |    284 |    284 |      0 |     21 |      0 |   1 |  284.0 |
               +--------+--------+--------+--------+--------+-----+--------+

Top non-repeatable levels by time:
  Lair:3: 1568 daAuts
  Lair:6: 1463 daAuts
     D:5: 1293 daAuts
  Lair:1: 1257 daAuts
    D:10: 1171 daAuts
     D:2: 1116 daAuts
  Lair:4: 1061 daAuts
     D:3: 969 daAuts
     D:9: 964 daAuts
     D:8: 960 daAuts
     D:6: 957 daAuts
     D:1: 944 daAuts
     D:4: 939 daAuts
     D:7: 874 daAuts
    D:11: 845 daAuts
